Map: Simulacrum LE

Players

PlaZz

  • Race: Zerg Zerg
  • League: Diamond
  • Spawn Location: 11:00

A.I. 1 (Very Easy) - Winner!

  • Race: Zerg Zerg
  • Spawn Location: 5:00

VOD

Have the link to the VOD?

Description

Time

  • Played on: Jan. 8, 2020, 1:20 p.m.
  • Length: 7:19
Show
View Real Time Build Order
Export as new Build Order

PlaZz Zerg 

Build Orders: Hatch First, Swarm Host 

Get SALT Encoding   

  12  0:01  Drone  
  13  0:13  Overlord  
  13  0:17  Drone  
  14  0:31  Drone x2  
  14  0:35  Drone  
  17  0:54  Hatchery  
  16  0:57  Drone  
  16  1:00  Drone  
  18  1:12  Extractor  
  18  1:16  Spawning Pool  
  16  1:19  Drone  
  16  1:22  Drone  
  18  1:28  Drone  
  19  1:41  Overlord  
  19  2:04  Queen  
  19  2:05  Zergling x4  
  19  2:07  Queen  
  19  2:08  Drone  
  26  2:15  Metabolic Boost, Drone  
  27  2:18  Drone  
  27  2:22  Drone  
  29  2:31  Drone  
  29  2:37  Roach Warren  
  29  2:39  Drone x2  
  31  2:50  Overlord  
  31  2:51  Overlord  
  31  2:56  Drone  
  32  3:01  Drone  
  33  3:06  Drone  
  33  3:11  Drone  
  35  3:18  Roach x2  
  35  3:19  Roach x3  
  45  3:21  Roach  
  47  3:30  Drone x2  
  49  3:35  Overlord  
  49  3:51  Drone  
  49  3:53  Overlord  
  49  3:54  Drone x4  
  49  3:55  Drone  
  55  4:07  Hatchery  
  55  4:09  Ravager x2  
  56  4:18  Drone x2  
  56  4:19  Drone x5  
  63  4:33  Queen  
  65  4:41  Lair  
  65  4:44  Drone  
  65  4:45  Drone x2  
  68  4:46  Overlord x2  
  68  4:53  Extractor  
  68  4:55  Extractor  
  68  4:56  Drone x2  
  68  5:01  Extractor  
  68  5:03  Extractor  
  68  5:04  Extractor  
  68  5:06  Drone  
  66  5:21  Drone x3  
  68  5:24  Drone x2  
  71  5:43  Infestation Pit, Glial Reconstitution  
  71  5:47  Drone x10  
  79  5:54  Overlord  
  79  5:58  Overlord  
  79  5:59  Overlord  
  79  6:06  Ravager  
  80  6:12  Nydus Network  
  79  6:19  Swarm Host  
  79  6:20  Swarm Host x6  
  100  6:29  Queen  
  102  6:38  Swarm Host x3, Hatchery  
  110  6:42  Drone x3  
  110  6:45  Overlord x3  
  110  6:46  Overlord  
  113  6:52  Nydus Canal  
  113  6:59  Overlord x2  
Show
View Real Time Build Order
Export as new Build Order

A.I. 1 (Very Easy) Zerg - Winner!

Build Orders: Pool Only 

Get SALT Encoding   

  12  0:00  Drone  
  13  0:12  Overlord  
  13  0:17  Drone  
  14  0:36  Spawning Pool  
  14  0:38  Extractor  
  14  0:39  Drone  
  13  0:47  Drone  
  14  0:52  Overlord  
  14  1:23  Zergling x2, Queen  
  17  1:32  Roach Warren  
  16  1:34  Extractor  
  16  1:38  Drone  
  16  1:42  Zergling x2  
  16  1:46  Drone  
  18  2:00  Zergling x2, Drone  
  20  2:11  Drone  
  21  2:21  Drone  
  22  2:30  Drone  
  22  2:32  Overlord  
  23  2:38  Drone  
  24  2:45  Drone  
  25  4:34  Zergling x2  
  26  5:03  Roach  
  28  5:31  Zergling x2  
  29  5:42  Overlord, Drone, Lair  
  30  5:49  Drone  
  27  5:56  Drone  
  27  5:57  Zergling x2  
  27  6:03  Drone  
  28  6:10  Drone  
  29  6:18  Drone  
  30  6:22  Zergling x2  
  31  6:39  Overseer  
  31  6:40  Overseer  
  31  6:41  Spire  
Tags
 
Composition
Swarm Host
League
Diamond
Matchup
ZvZ
Race
Zerg
Spawn Locations
Cross Positions
Add a new tag
Caveats
  • Supply blocks, unpowered buildings, or Contaminate may cause inaccurate times.
  • Supply counts are checked every 10 seconds.